 Dungeon Crawl Stone Soup version 0.24.0-13-gcf9b319 (webtiles) character file.

Game seed: 7411182562889546751, levelgen mode: deterministic

3514 MurderousKitten the Thaumaturge (level 9, -16/61 HPs)
             Began as a Demonspawn Earth Elementalist on May 22, 2020.
             Was a Follower of Fedhas.
             Demolished by a two-headed ogre
             ... wielding a +0 giant club
              (33 damage)
             ... on level 8 of the Dungeon.
             The game lasted 00:26:12 (5892 turns).

MurderousKitten the Thaumaturge (DsEE)              Turns: 5892, Time: 00:26:13

Health: -16/61     AC:  4    Str:  8    XL:     9   Next: 81%
Magic:  9/21       EV: 14    Int: 20    God:    Fedhas [*.....]
Gold:   358        SH:  4    Dex: 14    Spells: 12/25 levels left

rFire    + . .     SeeInvis .   p - +3 short sword (drain)
rCold    + . .     Gourm    .   (no shield)
rNeg     + . .     Faith    .   F - +2 robe {rN+}
rPois    +         Spirit   .   (helmet restricted)
rElec    .         Reflect  +   r - scarf {rC+ rF+}
rCorr    .         Harm     .   (no gloves)
MR       .....                  (no boots)
Stlth    ++++......             n - +4 amulet of reflection
HPRegen  0.20/turn              h - ring of poison resistance
MPRegen  0.17/turn              t - ring of stealth

@: lethally poisoned (-16 -> -19), berserk cooldown, slowed, very slow
A: claws 2, horns 2, talons 2, demonic guardian 1
a: Renounce Religion


You were on level 8 of the Dungeon.
You worshipped Fedhas.
Fedhas was aware of your devotion.
You were not hungry.

You visited 1 branch of the dungeon, and saw 8 of its levels.
You also visited: Sewer.

You collected 358 gold pieces.

Inventory:

Hand Weapons
 p - a +3 short sword of draining (weapon)
 q - a +4 dagger
 B - a +2 falchion of flaming
 E - a +0 dagger of venom
Missiles
 b - 92 stones (quivered)
 J - 2 boomerangs
Armour
 c - a +1 robe
 f - a +0 pair of gloves
 r - a scarf of resistance (worn)
 F - a +2 robe of positive energy (worn)
Magical Staves
 D - an uncursed staff of fire
Jewellery
 h - a ring of poison resistance (left claw)
 n - a +4 amulet of reflection (around neck)
 t - a ring of stealth (right claw)
 w - an uncursed ring of protection from fire {unknown}
Wands
 o - a wand of iceblast (4)
 s - a wand of enslavement (3)
 A - a wand of flame (37)
 C - a wand of digging (5)
Scrolls
 a - a scroll of fear
 e - a scroll of noise {unknown}
 g - a scroll of teleportation
 v - a scroll of fog
 y - 3 scrolls of enchant weapon {unknown}
 G - 3 scrolls of identify
 H - a scroll of immolation {unknown}
 I - a scroll of enchant armour
 K - 2 scrolls of remove curse
Potions
 i - a potion of curing
 j - a potion of lignification
 k - a potion of agility {unknown}
 l - a potion of berserk rage
 m - a potion of brilliance {unknown}
 u - a potion of ambrosia {unknown}
 x - a potion of magic {unknown}
 z - 3 potions of might
 L - a potion of degeneration {unknown}
Comestibles
 d - 10 rations


   Skills:
 + Level 1.8 Fighting
 + Level 2.5 Short Blades
 + Level 4.0 Dodging
 + Level 4.0 Stealth
 * Level 8.8 Spellcasting
 + Level 1.6 Transmutations
 * Level 7.7 Earth Magic


You had 12 spell levels left.
You knew the following spells:

 Your Spells              Type           Power        Failure   Level  Hunger
a - Sandblast             Erth           #####.       1%          1    None
b - Stone Arrow           Conj/Erth      ###...       4%          3    None
c - Petrify               Tmut/Erth      ####....     11%         4    ###....
d - Lee's Rapid Deconstr  Erth           #####.....   9%          5    #####..

Your spell library contained the following spells:

 Spells                   Type           Power        Failure   Level  Hunger
 Passwall                 Tmut/Erth      ####....     1%          2    None


Dungeon Overview and Level Annotations

Branches:
Dungeon (8/15)             Temple (0/1) D:7           Sewer (visited)
   Lair: D:8-11

Altars:
Fedhas
Okawaru
Ru
Yredelemnul

Annotations:
D:7 3 runed translucent doors, Golfball's ghost, novice GrMo; ubername's ghost, novice HaMo


Innate Abilities, Weirdness & Mutations

You have very sharp fingernails.
You have a pair of horns on your head.
You have razor-sharp toenails.
A weak demonic guardian rushes to your aid.


Message History

The two-headed ogre is heavily wounded.
b - 93 stones You feel sick.
The killer bee closely misses you.
Your shadow imp closely misses the killer bee. x2
Casting: Sandblast (safe; 1% risk of failure)
Confirm with . or Enter, or press ? or * to list all spells.
Aiming: Sandblast (safe; 1% risk of failure)
Press: ? - help, Shift-Dir - straight line, f/p - killer bee
Aim: a killer bee (almost dead)
The blast of sand hits the killer bee!
You kill the killer bee!
Fedhas accepts your kill.
Your Stealth skill increases to level 4!
b - 92 stones You feel sick.
Your shadow imp hits the two-headed ogre.
The two-headed ogre hits you with a +0 giant club!!
Ouch! That really hurt!
You die...
Fedhas appreciates your contribution to the ecosystem.

#....#...............#
#.#########'.....#####.
##............###.......
#.............# .......
##............#+#.......
#......................
#......................
#.............5O.......
##.##########+##@.......
.........# +........
.........# #........
.........# #........
.........# #........
.........# #####....
.........# #...
#.##..##.# ... #.# ..#


You could see a two-headed ogre and a friendly shadow imp.

Vanquished Creatures
  Pikel (D:7)
  A wyvern (D:8)
  A hungry ghost (D:8)
  Eustachio (D:5)
  Menkaure (D:4)
  An ice beast (D:8)
  An orc warrior (D:8)
  A slave (D:7)
  2 ogres
  A centaur (D:7)
  A crocodile (D:8)
  2 big kobolds (Sewer)
  Blork the orc (D:5)
  A bullfrog (D:6)
  Dowan (D:5)
  A scorpion (D:7)
  A water moccasin skeleton (D:8)
  2 killer bees (D:8)
  2 wights (D:7)
  A howler monkey (D:4)
  2 crimson imps
  A bullfrog zombie (D:5)
  A quasit (D:7)
  2 hounds
  7 orc priests
  2 jellies
  5 orc wizards
  A centaur skeleton (D:4)
  3 iguanas
  2 worker ants (D:7)
  A hound skeleton (D:4)
  11 adders
  3 gnolls (D:2)
  2 river rats (Sewer)
  2 shadow imps
  5 oozes
  An adder skeleton (D:4)
  3 worms
  3 leopard geckos
  15 orcs
  6 giant cockroaches
  5 goblins
  5 hobgoblins
  8 jackals
  12 kobolds
  2 quokkas (D:7)
  5 ball pythons
  4 bats
  8 frilled lizards
  A jackal zombie (D:7)
  5 rats
157 creatures vanquished.

Vanquished Creatures (collateral kills)
  Duvessa (D:5)
  A slave (D:7)
  An ice beast (D:8)
  2 black bears
  An ogre (D:8)
  A centaur (D:6)
  A bullfrog (D:6)
  A wight (D:7)
  A bullfrog skeleton (D:8)
  An adder (D:6)
  2 orcs
  A quokka skeleton (D:7)
14 creatures vanquished.

Vanquished Creatures (others)
  3 fungi (D:6)
3 creatures vanquished.

Grand Total: 174 creatures vanquished

Notes
Turn   | Place    | Note
-------+----------+-------------------------------------------
     0 | D:1      | MurderousKitten the Demonspawn Earth Elementalist began the
                  | quest for the Orb.
     0 | D:1      | Reached XP level 1. HP: 13/13 MP: 3/3
   356 | D:1      | Gained mutation: You have sharp toenails. [demonic
                  | ancestry]
   356 | D:1      | Reached XP level 2. HP: 19/19 MP: 3/5
   809 | D:2      | Gained mutation: A weak demonic guardian rushes to your
                  | aid. [demonic ancestry]
   809 | D:2      | Reached XP level 3. HP: 24/24 MP: 2/6
  1166 | D:2      | Gained mutation: You have a pair of small horns on your
                  | head. [demonic ancestry]
  1166 | D:2      | Reached XP level 4. HP: 25/30 MP: 1/8
  1171 | D:2      | Reached skill level 3 in Spellcasting
  1472 | D:3      | Found an iron altar of Okawaru.
  1946 | D:4      | Found an iron altar of Okawaru.
  1959 | D:4      | Found a glowing drain.
  1963 | D:4      | Reached XP level 5. HP: 35/35 MP: 7/9
  1974 | Sewer    | Entered a sewer
  2287 | Sewer    | Reached skill level 4 in Spellcasting
  2305 | Sewer    | Gained mutation: You have razor-sharp toenails. [demonic
                  | ancestry]
  2305 | Sewer    | Reached XP level 6. HP: 21/41 MP: 3/12
  2354 | Sewer    | Learned a level 3 spell: Stone Arrow
  2360 | Sewer    | Learned a level 4 spell: Petrify
  2366 | Sewer    | Learned a level 5 spell: Lee's Rapid Deconstruction
  2819 | D:4      | Noticed Menkaure
  2832 | D:4      | Killed Menkaure
  2832 | D:4      | Gained mutation: You have a pair of horns on your head.
                  | [demonic ancestry]
  2832 | D:4      | Reached XP level 7. HP: 33/47 MP: 10/14
  2885 | D:4      | Reached skill level 1 in Fighting
  2932 | D:4      | Found a basalt altar of Yredelemnul.
  3236 | D:5      | Entered Level 5 of the Dungeon
  3238 | D:5      | Noticed Eustachio
  3248 | D:5      | Killed Eustachio
  3248 | D:5      | Reached skill level 5 in Spellcasting
  3248 | D:5      | Reached skill level 5 in Earth Magic
  3375 | D:5      | Noticed Dowan
  3376 | D:5      | Noticed Duvessa
  3404 | D:5      | Killed Dowan
  3422 | D:5      | Reached skill level 6 in Spellcasting
  3458 | D:5      | Noticed Blork the orc
  3463 | D:5      | Killed Blork the orc
  3463 | D:5      | Gained mutation: You have sharp fingernails. [demonic
                  | ancestry]
  3463 | D:5      | Reached XP level 8. HP: 23/54 MP: 7/17
  3649 | D:5      | Killed Duvessa
  4163 | D:6      | Found a blossoming altar of Fedhas.
  4188 | D:6      | Reached skill level 1 in Short Blades
  4188 | D:6      | Reached skill level 7 in Spellcasting
  4221 | D:6      | Became a worshipper of Fedhas Madash
  4676 | D:6      | Noticed a slime creature
  4721 | D:7      | Noticed Pikel
  5025 | D:7      | Gained mutation: You have very sharp fingernails. [demonic
                  | ancestry]
  5025 | D:7      | Reached XP level 9. HP: 50/59 MP: 4/20
  5109 | D:7      | Found a runed translucent gate.
  5110 | D:7      | Found a runed translucent gate.
  5112 | D:7      | Found a runed translucent gate.
  5113 | D:7      | Noticed ubername's ghost (novice HaMo)
  5113 | D:7      | Noticed Golfball's ghost (novice GrMo)
  5136 | D:7      | Reached * piety under Fedhas
  5192 | D:7      | Found a staircase to the Ecumenical Temple.
  5329 | D:7      | Killed Pikel
  5329 | D:7      | Reached skill level 8 in Spellcasting
  5329 | D:7      | Reached skill level 1 in Transmutations
  5536 | D:8      | Found a sacrificial altar of Ru.
  5887 | D:8      | Noticed a two-headed ogre
  5892 | D:8      | Demolished by a two-headed ogre

Levels and vault maps discovered:
D:1:      elethiomel_arrival_shortcut, layout_loops_ring, serial_glass,
          glass_columns_b, glass_columns_a
D:2:      layout_loops_ring, first_ration, minmay_lizard_pond
D:3:      layout_loops_ring, okawaru_metal_pillars_3
D:4:      layout_loops_cross, kennysheep_mini, overflow_temple_1_default,
          gup_sewer_entry_glass, minmay_fractal_squares_5, uniq_menkaure
D:5:      layout_loops_ring, uniq_blork_the_orc, uniq_eustachio, uniq_duvessa
D:6:      lemuel_slime, layout_gridville, serial_shops, shop_statue, basic_altar
D:7:      layout_loops_ring, minmay_temple_entry_stoned_glass,
          gammafunk_ghost_cemetery, uniq_pikel
D:8:      layout_gridville, kiku_gazebo_garden_becter,
          nicolae_ru_sacrificial_ziggurat, cheibrodos_worm_habitat,
          kennysheep_mini_moat, dpeg_oklobed_lair, grunt_pizzeria, uniq_harold

Skill      XL: |  1  2  3  4  5  6  7  8  9 |
---------------+----------------------------+-----
Earth Magic    | 3 4 5 7 |  7.7
Dodging        | 2 3 4 |  4.0
Spellcasting   | 3 4 6 7 8 |  8.8
Stealth        | 2 3 4 |  4.0
Fighting       | 1 |  1.8
Short Blades   | 1 2 |  2.5
Transmutations | 1 |  1.6

Action                   |  1- 3 |  4- 6 |  7- 9 || total
-------------------------+-------+-------+-------++-------
Melee: Dagger            |    46 |    27 |       ||    73
       Kick              |     5 |     2 |    42 ||    49
       Headbutt          |       |     4 |    16 ||    20
       Short sword       |       |       |   160 ||   160
 Cast: Sandblast         |    48 |    87 |    70 ||   205
       Lee's Rapid Decon |       |       |    17 ||    17
       Petrify           |       |       |    14 ||    14
  Use: Scroll            |     4 |     6 |    14 ||    24
       Potion            |       |       |     5 ||     5
 Stab: Sleeping          |     1 |     3 |     1 ||     5
       Petrifying        |       |       |     1 ||     1
       Petrified         |       |       |     7 ||     7
       Distracted        |       |       |     1 ||     1
  Eat: Ration            |     1 |     1 |     6 ||     8
       Chunk             |       |       |     1 ||     1
Armor: Robe              |     8 |    15 |    28 ||    51
Dodge: Dodged            |    33 |    52 |   122 ||   207
Block: Other             |       |    12 |    26 ||    38
       Reflection        |       |     3 |       ||     3
       Shield            |       |       |     1 ||     1
